 Dungeon Crawl Stone Soup version 0.30-a0-596-g0af90f9a20 (webtiles) character file.

Game seed: 12152613947753034922

60595 ragingrage the Carver (level 14, 0/92 HPs)
             Began as a Demonspawn Warper on Jan 6, 2023.
             Was the Champion of Hepliaklqana.
             Collided with a rock wall (15 damage)
             ... caused by a rakshasa
             ... on level 12 of the Dungeon.
             The game lasted 00:34:12 (18334 turns).

ragingrage the Carver (Demonspawn Warper)          Turns: 18334, Time: 00:34:13

Health: 0/92       AC: 16    Str: 12    XL:     14   Next: 57%
Magic:  0/21       EV: 14    Int: 14    God:    Hepliaklqana [******]
Gold:   1081       SH:  6    Dex: 22    Spells: 9/23 levels left

rFire   . . .      SeeInvis +    a - +6 scimitar (flame)
rCold   . . .      Faith    .    V - +0 buckler
rNeg    . . .      Spirit   +    I - +0 troll leather armour
rPois   +          Reflect  .    x - +1 hat {SInv}
rElec   .          Harm     .    W - +2 cloak
rCorr   .          Rampage  .    q - +0 pair of gloves
Will    +....                    o - +2 pair of boots
Stlth   ++++++                   E - amulet of guardian spirit
HPRegen 1.15/turn                Z - +4 ring of protection
MPRegen 0.17/turn                U - ring of poison resistance

@: no status effects
A: reduced essence, thin skeletal structure 2, spiny 1, black mark, bedeviling,
weakness stinger 2
a: Renounce Religion, Recall Ancestor, Ancestor Identity, Transference, Idealise


You were on level 12 of the Dungeon.
You worshipped Hepliaklqana.
Hepliaklqana was exalted by your worship.
You visited 3 branches of the dungeon, and saw 18 of its levels.
You also visited: Sewer and Bailey.

You collected 1081 gold pieces.

Inventory:

Hand Weapons
 a - a +6 scimitar of flaming (weapon)
 b - a +0 dagger of electrocution
Missiles
 d - 6 boomerangs of dispersal
 f - 44 poisoned darts
 j - 6 javelins
 l - 29 boomerangs
 J - 5 atropa-tipped darts
 L - a curare-tipped dart
Armour
 o - a +2 pair of boots (worn)
 q - a +0 pair of gloves (worn)
 x - a +1 hat of see invisible (worn)
 H - a +2 leather armour of cold resistance
 I - a +0 troll leather armour (worn)
 V - a +0 buckler (worn)
 W - a +2 cloak (worn)
Jewellery
 u - a ring of positive energy
 E - an amulet of guardian spirit (around neck)
 F - a ring of protection from fire
 U - a ring of poison resistance (right hand)
 X - a ring of ice
 Z - a +4 ring of protection (left hand)
Wands
 G - a wand of paralysis (2)
 M - a wand of polymorph (8)
 O - a wand of iceblast (3)
 R - a wand of digging (11)
 Y - a wand of flame (28)
Scrolls
 c - 7 scrolls of blinking
 h - 2 scrolls of magic mapping
 k - 4 scrolls of fog {unknown}
 m - 6 scrolls of vulnerability
 n - 5 scrolls of amnesia {unknown}
 p - 2 scrolls of fear
 s - 7 scrolls of enchant armour
 v - a scroll of enchant weapon
 w - 15 scrolls of teleportation
 y - 4 scrolls of noise {unknown}
 z - 5 scrolls of immolation
 S - 5 scrolls of poison
Potions
 e - 5 potions of flight
 g - 7 potions of brilliance
 i - 2 potions of attraction {unknown}
 r - 4 potions of heal wounds
 t - 4 potions of mutation
 A - 4 potions of haste
 B - 4 potions of might
 C - 2 potions of invisibility {unknown}
 D - 4 potions of magic
 K - 6 potions of lignification
 P - 5 potions of curing
 Q - 2 potions of resistance {unknown}
 T - 3 potions of berserk rage
Miscellaneous
 N - a phantom mirror


   Skills:
 * Level 7.4 Fighting
 - Level 5.5(10.4) Short Blades
 - Level 13.5(14.0) Long Blades
 - Level 0.8 Throwing
 - Level 3.0 Armour
 + Level 4.3 Dodging
 + Level 9.0 Stealth
 + Level 5.7 Shields
 - Level 5.0 Spellcasting
 - Level 5.0 Hexes
 - Level 2.6 Translocations
 - Level 10.0 Ice Magic
 + Level 9.7 Invocations
 - Level 4.0 Evocations


You had 9 spell levels left.
You knew the following spells:

 Your Spells              Type           Power      Damage    Failure   Level
a - Ozocubu's Armour      Ice            31%        N/A       1%          3
b - Frozen Ramparts       Ice            62%        1d10      1%          3
c - Ensorcelled Hibernat  Hex/Ice        72%        N/A       1%          2
d - Blink                 Tloc           22%        N/A       14%         2
e - Manifold Assault      Tloc           11%        N/A       67%         4

Your spell library contained the following spells:

 Spells                   Type           Power      Damage    Failure   Level
 Freeze                   Ice            100%       1d10      1%          1
 Apportation              Tloc           22%        N/A       10%         1
 Hailstorm                Conj/Ice       17%        3d6       11%         3
 Tukima's Dance           Hex            26%        N/A       11%         3
 Necrotise                Necr           12%        1d4       28%         1
 Summon Small Mammal      Summ           12%        N/A       28%         1
 Gell's Gravitas          Tloc           11%        N/A       28%         3
 Lesser Beckoning         Tloc           22%        N/A       28%         3
 Teleport Other           Tloc           11%        N/A       28%         3
 Cigotuvi's Dreadful Rot  Necr/Pois/Air  6%         N/A       38%         2
 Poisonous Vapours        Pois/Air       6%         N/A       38%         2
 Vhi's Electric Charge    Tloc/Air       14%        N/A       43%         3
 Mephitic Cloud           Conj/Pois/Air  3%         N/A       63%         3
 Spider Form              Tmut/Pois      3%         N/A       63%         3
 Passage of Golubria      Tloc           11%        N/A       67%         4
 Anguish                  Hex/Necr       7%         N/A       69%         4
 Airstrike                Air            1%         2d(1-17)  95%         4
 Summon Lightning Spire   Summ/Air       3%         N/A       95%         4
 Yara's Violent Unravell  Hex/Tmut       7%         3d5       95%         5
 Ozocubu's Refrigeration  Ice            15%        4d10      98%         7
 Lightning Bolt           Conj/Air       1%         1d12      100%        5
 Malign Gateway           Summ/Tloc      3%         N/A       100%        7
 Storm Form               Tmut/Air       1%         N/A       100%        7
 Summon Horrible Things   Summ           1%         N/A       100%        8


Dungeon Overview and Level Annotations

Branches:
Dungeon (12/15)            Temple (1/1) D:7            Lair (5/5) D:8
  Swamp (0/4) Lair:3        Snake (0/4) Lair:3        Slime (0/5) Lair:5
    Orc (0/2) D:12          Sewer (visited)          Bailey (visited)

Altars:
Ashenzari
Cheibriados
Dithmenos
Fedhas
Gozag
Hepliaklqana
Kikubaaqudgha
Makhleb
Nemelex Xobeh
Okawaru
Qazlal
Ru
Sif Muna
Trog
Uskayaw
Vehumet
Wu Jian
Xom
Yredelemnul
Jiyva

Shops:
D:7 *

Annotations:
D:12 1 runed translucent door
Lair:3 exclusion: downstairs
Lair:4 1 runed translucent door, Kinepo's ghost, journeyman FoFi


Innate Abilities, Weirdness & Mutations

Your life essence is reduced to manifest your ancestor. (-10% HP)
You have a moderately thin skeletal structure. (Dex +4, Stealth++)
You are partially covered in sharp spines.
Your melee attacks may debilitate your foes.
Your hexes are more powerful.
You have a tail ending in a sharp stinger.


Message History

The rakshasa is struck by your spines. The rakshasa barely misses you.
You hit the boulder beetle. You burn the boulder beetle.
You kill the boulder beetle!
The frozen ramparts melt away.
The rakshasa gestures at you. The lance of force hits you!!
Your icy armour cracks and falls away as you move.
You are knocked back by the lance of force.
You slam into the rock wall!
You closely miss the rakshasa.
You tail-slap the rakshasa, but do no damage.
The rakshasa is severely wounded.
You slash the rakshasa! You burn the rakshasa.
You tail-slap the rakshasa, but do no damage.
The rakshasa is severely wounded.
The rakshasa is struck by your spines. The rakshasa hits you with a +0 whip.
You hit the rakshasa. You burn the rakshasa.
The rakshasa is almost dead.
You block the rakshasa's attack. The rakshasa gestures at you.
The lance of force misses you.
You hit the rakshasa but do no damage.
You tail-slap the rakshasa, but do no damage.
The rakshasa is almost dead.
You block the rakshasa's attack. The rakshasa gestures at you.
The lance of force hits you!!
* * * LOW HITPOINT WARNING * * *
You are knocked back by the lance of force.
You slam into the rock wall!
* * * LOW HITPOINT WARNING * * *
It was a potion of heal wounds.
You feel much better. The rakshasa gestures at you.
The lance of force misses you. The rakshasa gestures at you.
The lance of force hits you!
* * * LOW HITPOINT WARNING * * *
You are knocked back by the lance of force.
You slam into the rock wall!
You die...

########## ########
#.....@..# ####......#
+...†RR..###.........#
#........'...##......##
###..(...######........
.W#.(....# #......##
~~W+......# #......#
....#......# #..>...#
############ ####.###
#......# #.##


You could see 2 rakshasas and 2 ghosts called sirJeffrey23.

Vanquished Creatures
  Josephine (D:11)
  4 hydras
  2 two-headed ogres
  A boulder beetle (D:12)
  A deep troll shaman (Lair:5)
  17 death yaks
  A lindwurm (Lair:5)
  An ugly thing (D:11)
  A cyclops (D:12)
  8 elephants
  A manticore (D:11)
  Joseph (D:7)
  2 black mambas (Lair:4)
  A torpor snail (Lair:4)
  2 gargoyles (D:11)
  9 cane toads
  A kobold demonologist (D:12)
  2 komodo dragons (Lair:5)
  3 rime drakes
  3 trolls
  9 blink frogs
  5 dream sheep
  A vampire (D:12)
  A wyvern (D:11)
  55 yaks
  A basilisk (D:8)
  3 wraiths (D:11)
  6 vampire mosquitoes
  10 water moccasins
  Duvessa (D:7)
  5 black bears
  7 orc warriors
  A sky beast (D:8)
  An ice beast (D:6)
  A centaur (D:10)
  8 wolves
  A phantom (D:6)
  A kobold brigand (D:7)
  7 bullfrogs
  A gnoll sergeant (D:10)
  7 scorpions
  A necrophage (D:6)
  A wight (D:9)
  Dowan (D:7)
  6 killer bees
  3 howler monkeys
  5 orc priests
  3 hounds
  3 jellies (Sewer)
  2 iguanas
  9 orc wizards
  4 gnolls
  8 adders
  A shadow imp (D:8)
  2 white imps (D:6)
  2 ufetubi (D:5)
  2 worms
  2 dart slugs
  32 orcs
  13 endoplasms
  6 giant cockroaches
  9 goblins
  A hobgoblin (D:4)
  7 jackals
  5 quokkas
  10 ball pythons
  6 bats
  5 frilled lizards
  17 kobolds
  5 rats
365 creatures vanquished.

Vanquished Creatures (collateral kills)
  Gastronok (Lair:3)
  Fannar (Lair:3)
  A catoblepas (Lair:5)
  6 death yaks
  2 boulder beetles
  A salamander (Lair:3)
  2 elephants (Lair:2)
  A torpor snail (Lair:1)
  3 cane toads
  4 komodo dragons
  A troll (D:10)
  3 blink frogs (Lair:4)
  4 dream sheep
  A wyvern (D:8)
  A wraith (D:11)
  A centaur simulacrum (D:12)
  21 yaks
  A vampire (D:11)
  A steam dragon (D:7)
  A basilisk (D:8)
  2 acid dragons
  2 water moccasins
  An orc warrior (D:12)
  2 black bears
  2 wolves (Lair:5)
  The ghost of Adrian566 the Slasher, an amateur DsGl (D:3)
  A phantom (D:5)
  A kobold brigand (D:7)
  2 bullfrogs
  A scorpion (D:6)
  2 wights (D:9)
  4 killer bees
  2 electric eels (Lair:1)
  2 howler monkeys (D:10)
  2 lava snakes (Lair:3)
  2 jellies (D:7)
  An iguana (D:8)
  An orc wizard (D:10)
  2 gnolls (Bailey)
  An adder (D:6)
  15 orcs
  4 goblins
  A hobgoblin (Bailey)
  8 kobolds
119 creatures vanquished.

Vanquished Creatures (others)
  28 battlemagi
  A kobold (D:7)
  A bush (Lair:5)
  58 fungi
  62 plants
150 creatures vanquished.

Grand Total: 634 creatures vanquished

Notes
Turn   | Place    | Note
-------+----------+-------------------------------------------
     0 | D:1      | ragingrage the Demonspawn Warper began the quest for the
                  | Orb.
     0 | D:1      | Reached XP level 1. HP: 16/16 MP: 3/3
    23 | D:1      | Reached skill level 2 in Long Blades
   104 | D:1      | Gained mutation: You have a somewhat thin skeletal
                  | structure. (Dex +2, Stealth+) [demonic ancestry]
   104 | D:1      | Reached XP level 2. HP: 15/22 MP: 5/5
   408 | D:1      | Reached skill level 1 in Stealth
   579 | D:2      | Learned a level 2 spell: Blink
   661 | D:2      | Reached XP level 3. HP: 17/27 MP: 6/6
   820 | D:2      | Reached skill level 3 in Long Blades
  1148 | D:2      | Reached skill level 1 in Short Blades
  1148 | D:2      | Gained mutation: You have a small tail. [demonic ancestry]
  1148 | D:2      | Reached XP level 4. HP: 22/33 MP: 7/7
  1389 | D:3      | Reached XP level 5. HP: 10/38 MP: 8/8
  1696 | D:3      | Found a sacrificial altar of Ru.
  1741 | D:3      | Found a faded altar of an unknown god.
  1803 | D:3      | Found a shimmering altar of Xom.
  1804 | D:3      | Found a burning altar of Makhleb.
  2027 | D:4      | Found a basalt altar of Yredelemnul.
  2030 | D:4      | Found a hazy altar of Hepliaklqana.
  2039 | D:4      | Found an opulent altar of Gozag.
  2047 | D:4      | Became a worshipper of Hepliaklqana the Forgotten
  2055 | D:4      | Found a snail-covered altar of Cheibriados.
  2233 | D:4      | Found a glowing drain.
  2275 | Sewer    | Entered a sewer
  2610 | Sewer    | Gained mutation: You have a tail ending in a sharp stinger.
                  | [demonic ancestry]
  2610 | Sewer    | Reached XP level 6. HP: 29/44 MP: 9/9
  2769 | Sewer    | Found a viscous altar of Jiyva.
  3017 | D:3      | Found a runed translucent door.
  3019 | D:3      | Noticed Adrian566's ghost (amateur DsGl)
  3322 | D:4      | Gained mutation: You have a moderately thin skeletal
                  | structure. (Dex +4, Stealth++) [demonic ancestry]
  3322 | D:4      | Reached XP level 7. HP: 46/50 MP: 10/10
  3568 | D:4      | Reached skill level 5 in Short Blades
  3944 | D:5      | Entered Level 5 of the Dungeon
  4202 | D:5      | Reached * piety under Hepliaklqana
  4317 | D:5      | Found a hide-covered altar of Uskayaw.
  4378 | D:5      | Reached skill level 4 in Long Blades
  4855 | D:6      | Reached skill level 5 in Long Blades
  4880 | D:6      | Gained mutation: You are partially covered in sharp spines.
                  | [demonic ancestry]
  4880 | D:6      | Reached XP level 8. HP: 48/50 MP: 9/11
  4943 | D:6      | Learned a level 2 spell: Ensorcelled Hibernation
  4947 | D:6      | Learned a level 3 spell: Frozen Ramparts
  4951 | D:6      | Learned a level 3 spell: Ozocubu's Armour
  4966 | D:6      | Reached ** piety under Hepliaklqana
  4971 | D:6      | Reached skill level 1 in Ice Magic
  5166 | D:6      | Remembered your ancestor Ishtar-belessa as a battlemage
  5190 | D:6      | Reached skill level 6 in Long Blades
  5358 | D:6      | Reached skill level 7 in Long Blades
  5594 | D:7      | Gained mutation: Your hexes are more powerful. [demonic
                  | ancestry]
  5594 | D:7      | Reached XP level 9. HP: 50/54 MP: 12/12
  5618 | D:7      | Found Lifull's Island Escapes.
  5631 | D:7      | Noticed Dowan
  5689 | D:7      | Noticed a troll
  5701 | D:7      | Killed a troll
  5768 | D:7      | Found a shimmering blue altar of Sif Muna.
  5789 | D:7      | Found a flagged portal.
  5820 | Bailey   | Entered a bailey
  6006 | Bailey   | Reached skill level 5 in Ice Magic
  6075 | Bailey   | Reached skill level 1 in Hexes
  6391 | D:7      | Noticed Joseph
  6396 | D:7      | Found a staircase to the Ecumenical Temple.
  6399 | D:7      | Killed Joseph
  6400 | D:7      | Reached skill level 8 in Long Blades
  6700 | D:7      | Noticed Duvessa
  6823 | D:8      | Reached skill level 5 in Stealth
  6823 | D:8      | Gained mutation: Your melee attacks may debilitate your
                  | foes. [demonic ancestry]
  6823 | D:8      | Reached XP level 10. HP: 60/60 MP: 13/13
  6867 | D:8      | Reached *** piety under Hepliaklqana
  6868 | D:8      | Found a staircase to the Lair.
  7382 | D:9      | Reached skill level 5 in Hexes
  7386 | D:8      | Reached skill level 9 in Long Blades
  7529 | D:9      | Found a radiant altar of Vehumet.
  7529 | D:9      | Found an iron altar of Okawaru.
  7713 | D:9      | Reached skill level 1 in Evocations
  8238 | D:9      | Found a stormy altar of Qazlal.
  8334 | D:7      | Killed Duvessa
  8339 | D:7      | Killed Dowan
  8376 | Temple   | Entered the Ecumenical Temple
  8503 | D:10     | Entered Level 10 of the Dungeon
  8700 | D:10     | Noticed a two-headed ogre
  8706 | D:10     | Killed a two-headed ogre
  8707 | D:10     | Reached XP level 11. HP: 64/64 MP: 9/14
  8893 | D:10     | Reached **** piety under Hepliaklqana
 10104 | D:11     | Noticed Josephine
 10114 | D:11     | Reached skill level 1 in Shields
 10119 | D:11     | Killed Josephine
 10120 | D:11     | Reached skill level 10 in Long Blades
 10141 | D:11     | Noticed a two-headed ogre
 10284 | D:11     | Killed a two-headed ogre
 10505 | D:11     | Noticed a brown ugly thing
 10526 | D:11     | Killed a brown ugly thing
 10703 | Lair:1   | Entered Level 1 of the Lair of Beasts
 10768 | Lair:1   | Reached skill level 11 in Long Blades
 11218 | Lair:1   | Learned a level 4 spell: Manifold Assault
 11324 | Lair:2   | Reached XP level 12. HP: 70/70 MP: 15/15
 11474 | Lair:2   | You fall into a shaft and drop 2 floors!
 11493 | Lair:4   | Noticed a five-headed hydra
 11500 | Lair:4   | Killed a five-headed hydra
 11556 | Lair:4   | Reached skill level 12 in Long Blades
 11711 | Lair:4   | Noticed a death yak
 11711 | Lair:4   | Noticed a death yak
 11711 | Lair:4   | Noticed a death yak
 11725 | Lair:4   | Noticed a death yak
 11755 | Lair:3   | Reached ***** piety under Hepliaklqana
 11876 | Lair:3   | Noticed Gastronok
 11891 | Lair:3   | Killed Gastronok
 11892 | Lair:3   | Reached skill level 1 in Invocations
 12062 | Lair:3   | Found a staircase to the Snake Pit.
 12200 | Lair:3   | Noticed Fannar
 12214 | Lair:3   | Killed Fannar
 12379 | Lair:3   | Noticed a seven-headed hydra
 12388 | Lair:3   | Killed a four-headed hydra
 12547 | Lair:3   | Found a staircase to the Swamp.
 12591 | Lair:3   | Noticed a death yak
 12592 | Lair:3   | Noticed a death yak
 12602 | Lair:3   | Noticed a death yak
 12822 | Lair:2   | Reached skill level 5 in Spellcasting
 12893 | Lair:2   | Reached skill level 5 in Invocations
 13344 | Lair:2   | Reached XP level 13. HP: 74/74 MP: 20/20
 13828 | Lair:3   | Reached skill level 13 in Long Blades
 14178 | Lair:4   | Found a runed translucent door.
 14181 | Lair:4   | Noticed Kinepo's ghost (journeyman FoFi)
 14182 | Lair:4   | Identified the +8 spear of the Iron City of Dis {venom,
                  | Int+4}
 14420 | Lair:4   | Reached skill level 10 in Ice Magic
 14606 | Lair:4   | Reached skill level 1 in Armour
 15205 | Lair:5   | Entered Level 5 of the Lair of Beasts
 15431 | Lair:5   | Reached skill level 5 in Fighting
 15747 | Lair:5   | Reached XP level 14. HP: 88/88 MP: 14/21
 15996 | Lair:5   | Reached skill level 5 in Shields
 16479 | Lair:5   | Found a staircase to the Slime Pits.
 16485 | Lair:5   | Found a viscous altar of Jiyva.
 16488 | Lair:5   | Reached ****** piety under Hepliaklqana
 17042 | D:3      | Killed Adrian566's ghost
 18096 | D:12     | Found a staircase to the Orcish Mines.
 18308 | D:12     | Found a runed translucent door.
 18317 | D:12     | Noticed sirJeffrey23's ghost (journeyman OgGl)
 18327 | D:12     | Noticed sirJeffrey23's ghost (journeyman OgGl)
 18334 | D:12     | Collided with a rock wall

Illustrated notes

Levels and vault maps discovered:
D:1:      roderic_dead_forest, layout_rooms, minmay_distorted
D:2:      layout_basic
D:3:      layout_rooms, grunt_temple_overflow_champion_of_chaos,
          mainiacjoe_overflow_24_doors, nicolae_ru_the_path_less_chosen,
          ebering_ghost_reflecting_pool, hellmonk_ecumenical_altar_arch_garden
D:4:      cheibrodos_pilgrimage, layout_basic, grunt_temple_overflow_open,
          mainiacjoe_overflow_catch_the_wave, cheibrodos_sewer_entry_bend
D:5:      layout_basic, nicolae_uskayaw_murder_on_the_dancefloor,
          minmay_a_box_with_orc_wizards_in_it
D:6:      layout_cave_pools, wad_rectangle_vault
D:7:      layout_cave_pools, lemuel_doored_altar,
          minmay_temple_entry_mini_moons, enter_bailey_5,
          nicolae_island_escapes, uniq_joseph, uniq_duvessa
D:8:      layout_rooms, minmay_lair_entry_grove
D:9:      layout_cave_pods, nicolae_qazlal_eye_of_the_storm,
          chequers_temple_overflow_statue_of_worship
D:10:     layout_layer_cave, st_stairs_1, minmay_between
D:11:     layout_loops_ring, uniq_josephine
D:12:     layout_roguey, david_orc_2, ebering_ghost_reflecting_pool,
          minmay_microvault
Temple:   jpeg_temple_island
Lair:1:   layout_big_grid, guppyfry_lair_drakes, grunt_megastairs_3,
          infiniplex_staircase_pool
Lair:2:   layout_regular_city, st_stairs_13, nicolae_lair_grazing_beasts
          [nicolae_sub_lair_graze_edge, nicolae_sub_lair_graze_edge,
          nicolae_sub_lair_graze_edge, nicolae_sub_lair_graze_edge],
          infiniplex_staircase_pool_2
Lair:3:   layout_regular_city, swamp_mist, nicolae_snake_entry_warm_welcome,
          grunt_megastairs_1, lemuel_fruit_tree, uniq_fannar, uniq_gastronok
Lair:4:   layout_cave_pods, ebering_ghost_funeral_grove, patterned_corridor
Lair:5:   grunt_lair_end_beastmaster, layout_gridlike, slime_entry_1

Skill      XL: |  1  2  3  4  5  6  7  8  9 10 11 12 13 14 |
---------------+-------------------------------------------+-----
Long Blades    | 2 3 5 7 8 9 11 12 13 | 13.5
Stealth        | 1 2 3 4 5 6 7 8 9 |  9.0
Short Blades   | 1 3 4 5 |  5.5
Ice Magic      | 4 6 7 8 9 10 | 10.0
Hexes          | 3 5 |  5.0
Evocations     | 2 4 |  4.0
Shields        | 4 5 |  5.7
Spellcasting   | 5 |  5.0
Invocations    | 6 8 9 |  9.7
Fighting       | 5 7 |  7.4
Armour         | 2 3 |  3.0
Dodging        | 3 4 |  4.3
Throwing       | |  0.8
Translocations | |  2.6

Action                   |  1- 3 |  4- 6 |  7- 9 | 10-12 | 13-15 || total
-------------------------+-------+-------+-------+-------+-------++-------
Melee: Falchion          |    64 |       |    47 |       |       ||   111
       Dagger            |    82 |   225 |   163 |    19 |     4 ||   493
       Punch             |     1 |     4 |     4 |     1 |       ||    10
       Tailslap          |       |    32 |    30 |    54 |    65 ||   181
       Scimitar          |       |       |    22 |   311 |   298 ||   631
Throw: Boomerang         |       |    23 |       |     1 |       ||    24
       Dart              |       |       |     5 |       |     4 ||     9
 Cast: Frozen Ramparts   |       |       |     2 |    11 |    23 ||    36
       Ozocubu's Armour  |       |       |     2 |     6 |    25 ||    33
       Ensorcelled Hiber |       |       |     1 |    15 |     2 ||    18
Invok: Recall Ancestor   |       |       |     4 |     2 |     1 ||     7
       Ancestor Life: Ba |       |       |     1 |       |       ||     1
       Idealise          |       |       |       |       |     1 ||     1
Evoke: Wand              |       |       |       |     3 |       ||     3
  Use: Potion            |       |     3 |       |       |     1 ||     4
       Scroll            |       |       |    10 |     9 |     3 ||    22
 Stab: Sleeping          |     7 |     2 |     7 |    12 |     4 ||    32
       Distracted        |       |       |     4 |    11 |    12 ||    27
       Petrified         |       |       |       |       |     2 ||     2
       Petrifying        |       |       |       |       |     1 ||     1
Armor: Leather armour    |    52 |    79 |    64 |       |       ||   195
       Steam dragon scal |       |       |    20 |   107 |    66 ||   193
       Troll leather arm |       |       |       |       |    13 ||    13
       Skin              |       |       |       |       |     6 ||     6
Dodge: Dodged            |    80 |   114 |   120 |   118 |    92 ||   524
Block: Buckler           |       |       |       |    41 |    64 ||   105

Table legend: (Time is in decaauts)
 A = Elapsed time spent in this place.
 B = Non-inter-level travel time spent in this place.
 C = Inter-level travel time spent in this place.
 D = Time resting spent in this place.
 E = Time spent auto-exploring this place.
 F = Levels seen in this place.
 G = Mean time per level.
                   A        B        C        D        E       F      G
               +--------+--------+--------+--------+--------+-----+--------+
         Total |  18194 |  17035 |   1159 |   2723 |  10007 |  20 |  909.7 |
       Dungeon |  10921 |  10149 |    772 |   1544 |   6075 |  12 |  910.1 |
        Temple |     72 |     59 |     13 |      0 |     50 |   1 |   72.0 |
          Lair |   6159 |   5786 |    373 |    826 |   3625 |   5 | 1231.8 |
         Sewer |    544 |    544 |      0 |    206 |    135 |   1 |  544.0 |
        Bailey |    496 |    496 |      0 |    147 |    121 |   1 |  496.0 |
               +--------+--------+--------+--------+--------+-----+--------+

Top non-repeatable levels by time:
  Lair:4: 1704 daAuts
    D:10: 1554 daAuts
  Lair:5: 1450 daAuts
     D:4: 1399 daAuts
  Lair:3: 1249 daAuts
    D:11: 1197 daAuts
  Lair:2: 1125 daAuts
     D:9: 944 daAuts
     D:5: 885 daAuts
     D:6: 839 daAuts
     D:8: 781 daAuts
     D:2: 770 daAuts
     D:3: 748 daAuts
     D:7: 673 daAuts
  Lair:1: 629 daAuts
